 Dungeon Crawl Stone Soup version 0.21.0-3-g78d12a8 (webtiles) character file.

25708 inmateoo the Spear-Bearer (level 13, -1/103 HPs)
             Began as a Formicid Fighter on Jan 16, 2018.
             Was a High Priest of the Shining One.
             Killed from afar by an ice dragon (55 damage)
             ... with a blast of cold
             ... on level 15 of the Dungeon.
             The game lasted 00:20:30 (12505 turns).

inmateoo the Spear-Bearer (Formicid Fighter)       Turns: 12505, Time: 00:20:31

Health: -1/103     AC: 20    Str: 30    XL:     13   Next: 52%
Magic:  14/21      EV: 10    Int:  4    God:    the Shining One [*****.]
Gold:   899        SH: 18    Dex: 12    Spells: 4/12 levels left

rFire    + . .     SeeInvis +   z - +2 trident (flame)
rCold    . . .     Gourm    .   c - +0 shield
rNeg     + + .     Faith    .   p - +6 scale mail of the Cockroach {Dex+2}
rPois    +         Spirit   .   (helmet unavailable)
rElec    .         Reflect  +   q - +1 cloak
rCorr    .         Harm     .   v - +0 pair of gloves of Cowardice {rF+ Str+4 Int-4}
MR       +....                  h - +0 pair of boots
Stlth    ..........             r - +5 amulet of reflection
HPRegen  0.27/turn              G - +5 ring of slaying
MPRegen  0.17/turn              s - ring of poison resistance

@: glowing
A: permanent stasis, dig shafts and tunnels, four strong arms, antennae 3
a: Dig, Shaft Self, Divine Shield, Cleansing Flame, Summon Divine Warrior,
Renounce Religion


You were on level 15 of the Dungeon.
You worshipped the Shining One.
The Shining One was extremely pleased with you.
You were not hungry.

You visited 1 branch of the dungeon, and saw 15 of its levels.
You also visited: Labyrinth.

You collected 899 gold pieces.

Inventory:

Hand Weapons
 z - a +2 trident of flaming (weapon)
 I - a +0 glaive
Armour
 c - a +0 shield (worn)
 h - a +0 pair of boots (worn)
 p - the +6 scale mail of the Cockroach (worn) {Dex+2}
   (You found it on level 5 of the Dungeon)

   It affects your dexterity (+2).
 q - a +1 cloak (worn)
 v - the +0 pair of gloves of Cowardice (worn) {rF+ Str+4 Int-4}
   (You found it on level 4 of the Dungeon)

   It affects your strength (+4).
   It affects your intelligence (-4).
   It protects you from fire.
Jewellery
 a - the ring "Kufogriz" {Fire rElec rN+}
   (You found it in a labyrinth)

   [ring of fire]

   It enhances your fire magic.
   It protects you from fire.
   It makes you vulnerable to cold.
   It insulates you from electricity.
   It protects you from negative energy.
 d - an uncursed ring of resist corrosion
 i - an uncursed amulet of regeneration
 r - a +5 amulet of reflection (around neck)
 s - a ring of poison resistance (right hand)
 x - an uncursed ring of protection from fire
 A - an uncursed ring of positive energy
 G - a +5 ring of slaying (left hand)
Wands
 t - a wand of enslavement (9)
 C - a wand of polymorph (38)
 E - a wand of paralysis (28)
 F - a wand of flame (16)
Scrolls
 b - 6 scrolls of identify
 e - a scroll of amnesia
 j - 4 scrolls of remove curse
 k - 2 scrolls of fear
 u - 3 scrolls of enchant weapon
 y - 3 scrolls of enchant armour
 O - a scroll of fog
Potions
 g - a potion of agility
 l - 2 potions of flight
 m - 4 potions of heal wounds
 n - a potion of lignification
 B - 3 potions of curing
 J - a potion of brilliance {unknown}
 N - a potion of mutation {unknown}
Books
 o - a book of Summonings

   Spells                             Type                      Level
   a - Recall                         Summoning/Translocation      3
   b - Aura of Abjuration             Summoning                    5
   c - Summon Demon                   Summoning                    5
   d - Summon Forest                  Summoning/Translocation      5
   e - Summon Mana Viper              Hexes/Summoning              5
   f - Shadow Creatures               Summoning                    6
 w - a book of Frost

   Spells                             Type                      Level
   a - Freeze                         Ice                          1
   b - Throw Frost                    Conjuration/Ice              2
   c - Ozocubu's Armour               Charms/Ice                   3
   d - Throw Icicle                   Conjuration/Ice              4
   e - Summon Ice Beast               Ice/Summoning                4
 D - a book of Callings

   Spells                             Type                      Level
   a - Summon Small Mammal            Summoning                    1
   b - Call Imp                       Summoning                    2
   c - Call Canine Familiar           Summoning                    3
   d - Summon Guardian Golem          Hexes/Summoning              3
   e - Summon Lightning Spire         Summoning/Air                4
   f - Summon Ice Beast               Ice/Summoning                4
 H - a book of Beasts

   Spells                             Type                      Level
   a - Summon Butterflies             Summoning                    1
   b - Call Canine Familiar           Summoning                    3
   c - Summon Ice Beast               Ice/Summoning                4
   d - Summon Mana Viper              Hexes/Summoning              5
   e - Summon Hydra                   Summoning                    7
 M - a book of Cantrips

   Spells                             Type                      Level
   a - Confusing Touch                Hexes                        1
   b - Animate Skeleton               Necromancy                   1
   c - Summon Small Mammal            Summoning                    1
   d - Apportation                    Translocation                1
Comestibles
 f - 22 rations
 K - 2 chunks of flesh


   Skills:
 + Level 10.3 Fighting
 * Level 12.4 Polearms
 + Level 10.3 Armour
 + Level 11.2 Shields
 * Level 11.5 Invocations


You had 4 spell levels left.
You knew the following spells:

 Your Spells              Type           Power        Failure   Level  Hunger
a - Swiftness             Chrm/Air       #.......     83%         2    ###....
b - Deflect Missiles      Chrm/Air       #.........   100%        6    #######


Dungeon Overview and Level Annotations

Branches:
Dungeon (15/15)            Temple (0/1) D:7            Lair (0/6) D:8
    Orc (0/2) D:10
 Vaults: D:13-14     Depths: D:15

Altars:
Ashenzari
Dithmenos
Makhleb
Nemelex Xobeh
Okawaru
Ru
Zin
The Shining One

Shops:
D:10 =

Annotations:
D:7 Erica


Innate Abilities, Weirdness & Mutations

You cannot be hasted, slowed, berserked, paralysed or teleported.
You can dig through walls and to a lower floor.
Your four strong arms can wield two-handed weapons with a shield.
You have a pair of large antennae on your head. (SInv)


Message History

You hit the fire dragon.
The fire dragon is almost dead.
Your angel hits the ice dragon with a whip of holy wrath!
Your angel hits the ice dragon with a whip of holy wrath.
The fire dragon breathes flames at you. The blast of flame misses you.
Unknown command.
You puncture the fire dragon! You burn the fire dragon.
The fire dragon is almost dead.
The ice dragon closely misses your angel.
The ice dragon claws your angel. The ice dragon misses your angel.
Your angel barely misses the ice dragon.
Your angel hits the ice dragon with a whip of holy wrath.
Unknown command.
You impale the fire dragon!!
You kill the fire dragon!
The ice dragon breathes frost at you. The blast of cold hits you!
Ouch! That really hurt!
You die...

#.......# #............ #.......#
#........#### #.......#
#........# # #.......#
#........#### #.......#
#............
........#####.........##.
..................##. ####
#......#........##. $$$$.
##@8..##........##.
......##†..##.........##.
#..DA.##..........##. ###
......######..........##.
#.##$$$$. #..##..........##.
#####..#########.................
.................................
.........†.......................
.......########..................


You could see an ice dragon and a friendly angel.

Vanquished Creatures
  A minotaur (Lab)
  A fire dragon (D:15)
  A centaur warrior (D:14)
  A two-headed ogre (D:8)
  A death yak (D:8)
  2 unseen horrors
  6 ugly things
  3 cyclopes
  A gargoyle (D:12)
  A kobold demonologist (D:10)
  An efreet (D:14)
  5 trolls
  A freezing wraith (D:15)
  A polar bear (shapeshifter) (D:15)
  3 hippogriffs
  2 wraiths
  2 redbacks (Lab)
  A wyvern (D:14)
  14 yaks
  A hungry ghost (D:14)
  A golden eye (shapeshifter) (D:15)
  A human (D:10)
  3 hogs (D:10)
  6 vampire mosquitoes
  The ghost of matthes123 the Digger, an amateur GrEE (D:3)
  A water moccasin (D:7)
  A meliai simulacrum (D:14)
  An ice beast (D:14)
  A black bear (D:9)
  7 orc warriors
  A hornet zombie (D:14)
  A necrophage (D:6)
  2 sky beasts
  2 phantoms (D:6)
  A centaur (D:6)
  2 eyes of draining
  3 ogres
  2 crocodiles (D:8)
  4 big kobolds
  3 bullfrogs
  A gnoll sergeant (D:9)
  A wyvern zombie (D:9)
  A wyvern skeleton (D:14)
  4 scorpions
  13 killer bees
  26 wights
  3 howler monkeys
  2 crimson imps
  2 bullfrog zombies
  A centaur zombie (D:9)
  A bullfrog skeleton (D:12)
  5 hounds
  4 orc priests
  6 jellies
  Crazy Yiuf (D:2)
  3 iron imps (D:8)
  6 iguanas
  10 orc wizards
  7 worker ants
  A hound zombie (D:5)
  Robin (D:2)
  A howler monkey zombie (D:5)
  5 gnolls (D:9)
  8 adders
  4 shadow imps
  2 adder skeletons
  An adder zombie (D:5)
  A worm (D:4)
  6 leopard geckos
  48 orcs
  2 ball pythons (D:4)
  4 giant cockroaches
  19 goblins
  7 hobgoblins
  4 jackals
  3 quokkas
  4 bats
  3 frilled lizards (D:2)
  13 kobolds
  A quokka skeleton (D:5)
  8 rats
336 creatures vanquished.

Vanquished Creatures (collateral kills)
  Rupert (D:15)
  The ghost of Jatast the Fighter, an adept GrEE of Sif Muna (D:15)
  A deep elf mage (D:15)
  4 ugly things (D:14)
  A centaur skeleton (D:15)
  A troll (D:15)
  A hippogriff (D:15)
  A wraith (D:14)
  A basilisk (D:15)
  A sky beast (D:15)
  A necrophage (D:15)
  A centaur (D:15)
  3 wights (D:14)
  A shadow imp (D:15)
19 creatures vanquished.

Vanquished Creatures (others)
  A centaur warrior (D:15)
  A kobold (D:8)
2 creatures vanquished.

Grand Total: 357 creatures vanquished

Notes
Turn   | Place    | Note
-------+----------+-------------------------------------------
     0 | D:1      | inmateoo the Formicid Fighter began the quest for the Orb.
     0 | D:1      | Reached XP level 1. HP: 18/18 MP: 1/1
   647 | D:2      | Reached XP level 2. HP: 24/24 MP: 2/2
   871 | D:2      | Reached XP level 3. HP: 19/29 MP: 3/3
   876 | D:2      | Found a sparkling altar of Nemelex Xobeh.
  1208 | D:2      | Noticed Robin
  1228 | D:2      | Reached XP level 4. HP: 17/37 MP: 4/4
  1230 | D:2      | Reached skill level 3 in Polearms
  1238 | D:2      | Killed Robin
  1521 | D:2      | Found a sacrificial altar of Ru.
  1581 | D:2      | Found a runed door.
  1651 | D:2      | Found an iron altar of Okawaru.
  1726 | D:2      | Noticed Crazy Yiuf
  1733 | D:2      | Killed Crazy Yiuf
  1733 | D:2      | Reached XP level 5. HP: 3/42 MP: 5/5
  1955 | D:2      | Found a glowing silver altar of Zin.
  1959 | D:2      | Found an iron altar of Okawaru.
  1959 | D:2      | Found a glowing golden altar of the Shining One.
  1996 | D:2      | Became a worshipper of the Shining One
  2096 | D:3      | Noticed matthes123's ghost (amateur GrEE)
  2125 | D:3      | Killed matthes123's ghost
  2125 | D:3      | Reached skill level 4 in Polearms
  2125 | D:3      | Reached XP level 6. HP: 15/48 MP: 6/6
  3075 | D:4      | Reached skill level 5 in Shields
  3146 | D:4      | Got a pair of bloodstained gloves
  3152 | D:4      | Identified the +0 pair of gloves of Cowardice {rF+ Str+4 Int-4} (You found it on level 4 of the Dungeon)
  3242 | D:4      | Found a glowing golden altar of the Shining One.
  3376 | D:4      | Reached XP level 7. HP: 52/55 MP: 7/7
  3723 | D:4      | Reached skill level 5 in Polearms
  3853 | D:5      | Entered Level 5 of the Dungeon
  3911 | D:5      | Reached skill level 5 in Fighting
  3911 | D:5      | Reached skill level 5 in Armour
  4015 | D:5      | Reached XP level 8. HP: 62/62 MP: 8/8
  4100 | D:5      | Got a twisted scale mail
  4111 | D:5      | Identified the +6 scale mail of the Cockroach {Dex+2} (You found it on level 5 of the Dungeon)
  4117 | D:5      | Reached * piety under the Shining One
  4779 | D:6      | Reached skill level 6 in Polearms
  5036 | D:6      | Reached XP level 9. HP: 69/69 MP: 9/9
  5267 | D:7      | Reached skill level 7 in Polearms
  5382 | D:7      | Found a staircase to the Ecumenical Temple.
  5467 | D:7      | Noticed a hippogriff
  5472 | D:7      | Killed a hippogriff
  5480 | D:7      | Reached ** piety under the Shining One
  5505 | D:7      | Reached skill level 8 in Polearms
  5970 | D:8      | Noticed Erica
  5997 | D:7      | You fall through a shaft for 2 floors!
  6155 | D:8      | Noticed a hippogriff
  6156 | D:8      | Found a staircase to the Lair.
  6156 | D:8      | Noticed a death yak
  6168 | D:8      | Killed a hippogriff
  6168 | D:8      | Reached skill level 1 in Invocations
  6197 | D:8      | Killed a death yak
  6197 | D:8      | Reached XP level 10. HP: 57/79 MP: 10/12
  6380 | D:8      | Noticed a two-headed ogre
  6391 | D:8      | Killed a two-headed ogre
  6391 | D:8      | Reached skill level 9 in Polearms
  6865 | D:8      | Found a burning altar of Makhleb.
  7140 | D:9      | Reached skill level 5 in Invocations
  7337 | D:9      | Reached *** piety under the Shining One
  7514 | D:9      | Learned a level 2 spell: Swiftness
  7521 | D:9      | Learned a level 6 spell: Deflect Missiles
  7924 | D:9      | Reached XP level 11. HP: 86/86 MP: 9/15
  8000 | D:10     | Entered Level 10 of the Dungeon
  8198 | D:10     | Found a staircase to the Orcish Mines.
  8313 | D:10     | Found Juaphac's Jewellery Shop.
  8681 | D:10     | Reached skill level 10 in Polearms
  8928 | D:11     | Found a labyrinth entrance.
  8942 | Lab      | Entered a labyrinth
  9086 | Lab      | Got a transparent iron ring
  9471 | Lab      | Noticed a minotaur
  9493 | Lab      | Killed a minotaur
  9699 | D:11     | Identified the ring "Kufogriz" {Fire rElec rN+} (You found it in a labyrinth)
  9707 | D:11     | Noticed a purple ugly thing
  9714 | D:11     | Killed a purple ugly thing
  9860 | D:11     | Got a transparent hand axe
  9861 | D:11     | Identified the +5 hand axe of Intuition {drain, rC++ Str-5 Int+3 Dex+2} (You found it on level 11 of the Dungeon)
  9910 | D:11     | Reached **** piety under the Shining One
 10535 | D:12     | Reached XP level 12. HP: 87/94 MP: 18/18
 10710 | D:12     | Got a dazzling quarterstaff
 10711 | D:12     | Identified the +0 quarterstaff of the Toadstool {freeze, rPois rF+ rN+ Dex-2} (You found it on level 12 of the Dungeon)
 10846 | D:12     | You fall through a shaft for 2 floors!
 10853 | D:14     | Reached skill level 11 in Polearms
 10853 | D:14     | Reached skill level 10 in Shields
 10891 | D:14     | Noticed a centaur warrior
 10893 | D:14     | Reached ***** piety under the Shining One
 10899 | D:14     | Killed a centaur warrior
 11116 | D:14     | Found a shattered altar of Ashenzari.
 11468 | D:14     | Reached skill level 10 in Invocations
 11631 | D:14     | Found a shadowy altar of Dithmenos.
 11869 | D:13     | Reached XP level 13. HP: 95/102 MP: 20/20
 11945 | D:13     | You fall through a shaft for 2 floors!
 11945 | D:15     | Entered Level 15 of the Dungeon
 11945 | D:15     | Noticed Rupert
 11958 | D:15     | Killed Rupert
 11962 | D:15     | Reached skill level 12 in Polearms
 11967 | D:15     | Reached skill level 10 in Fighting
 11967 | D:15     | Reached skill level 10 in Armour
 12290 | D:15     | Noticed a centaur warrior
 12296 | D:15     | Noticed Jatast's ghost (adept GrEE)
 12303 | D:15     | Killed a centaur warrior
 12326 | D:15     | Killed Jatast's ghost
 12493 | D:15     | Noticed an ice dragon
 12493 | D:15     | Noticed a fire dragon
 12505 | D:15     | Killed a fire dragon
 12505 | D:15     | Killed from afar by an ice dragon

Skill      XL: |  1  2  3  4  5  6  7  8  9 10 11 12 13 |
---------------+----------------------------------------+-----
Shields        | 4 5 6 8 9 10 11 | 11.2
Polearms       | 3 4 5 6 8 9 10 11 12 | 12.4
Fighting       | 4 5 6 7 8 9 10 | 10.3
Armour         | 4 5 6 7 8 9 10 | 10.3
Invocations    | 3 5 8 10 11 | 11.5

Action                   |  1- 3 |  4- 6 |  7- 9 | 10-12 | 13-15 || total
-------------------------+-------+-------+-------+-------+-------++-------
Melee: Trident           |   106 |   191 |   266 |   571 |    89 ||  1223
Invok: Summon Divine War |       |       |       |     1 |     5 ||     6
 Abil: Dig               |     1 |     3 |     1 |    18 |     6 ||    29
       Shaft Self        |       |       |     1 |       |     1 ||     2
Evoke: Wand              |       |       |     1 |       |       ||     1
  Use: Potion            |       |     2 |       |     4 |       ||     6
       Scroll            |       |    13 |     3 |     8 |     2 ||    26
  Eat: Chunk             |     1 |     7 |     9 |    13 |       ||    30
       Ration            |       |       |       |     3 |     2 ||     5
Armor: Scale mail        |    38 |    47 |    54 |    66 |    20 ||   225
       Troll leather arm |       |       |     6 |       |       ||     6
       Skin              |       |       |       |     8 |       ||     8
Dodge: Dodged            |    26 |    44 |    44 |    66 |    18 ||   198
Block: Shield            |    46 |    70 |   104 |   270 |    68 ||   558
       Reflection        |       |       |     3 |     9 |    10 ||    22
